 Dungeon Crawl Stone Soup version 0.22-a0-422-g9628fc8 (webtiles) character file.

984 iamserjio the Spear-Bearer (level 8, -2/63 HPs)
             Began as a Merfolk Gladiator on May 16, 2018.
             Was a Follower of Zin.
             Killed by divine providence
             ... invoked by an orc priest
              (15 damage)
             ... on level 5 of the Dungeon.
             The game lasted 00:16:10 (6524 turns).

iamserjio the Spear-Bearer (Merfolk Gladiator)      Turns: 6524, Time: 00:16:11

Health: -2/63      AC:  9    Str: 15    XL:     8   Next: 18%
Magic:  8/8        EV: 14    Int:  8    God:    Zin [*.....]
Gold:   37         SH:  6    Dex: 16    Spells: 7/7 levels left

rFire    . . .     SeeInvis .   a - +0 trident
rCold    . . .     Gourm    .   m - +0 buckler
rNeg     + . .     Faith    .   x - +1 ring mail {rN+}
rPois    .         Spirit   .   c - +2 helmet
rElec    .         Reflect  +   (no cloak)
rCorr    .         Harm     .   (no gloves)
MR       .....                  (no boots)
Stlth    +.........             t - +3 amulet of reflection
HPRegen  0.20/turn              (no ring)
MPRegen  0.11/turn              (no ring)

@: no status effects
A: change form in water, swift swim, stealthy swim
a: Recite, Donate Gold, Renounce Religion


You were on level 5 of the Dungeon.
You worshipped Zin.
Zin was aware of your devotion.
You were not hungry.

You visited 2 branches of the dungeon, and saw 6 of its levels.
You also visited: Sewer.

You collected 269 gold pieces.
You spent 194 gold pieces at shops.
You donated 38 gold pieces to Zin.

Inventory:

Hand Weapons
 a - a +0 trident (weapon)
 E - a +1 hand axe of holy wrath
Missiles
 d - 3 throwing nets (quivered)
 o - 167 stones
Armour
 c - a +2 helmet (worn)
 m - a +0 buckler (worn)
 x - a +1 ring mail of positive energy (worn)
Magical Staves
 y - an uncursed staff of power {unknown}
Jewellery
 t - a +3 amulet of reflection (around neck)
 u - an uncursed amulet of rage
 D - an uncursed ring of fire
Scrolls
 e - a scroll of fog
 g - 4 scrolls of remove curse
 h - a scroll of enchant weapon {unknown}
 k - 2 scrolls of fear
 n - 2 scrolls of immolation {unknown}
 p - 2 scrolls of random uselessness {unknown}
 r - a scroll of magic mapping
 A - 2 scrolls of amnesia {unknown}
 B - 2 scrolls of blinking
Potions
 j - a potion of agility {unknown}
 l - 4 potions of flight
 q - 3 potions of brilliance
 s - a potion of resistance {unknown}
 v - a potion of curing {unknown}
 z - a potion of invisibility {unknown}
 C - 3 potions of heal wounds
Comestibles
 b - 3 chunks of flesh
 f - 5 rations


   Skills:
 + Level 5.5 Fighting
 - Level 10.0 Polearms
 - Level 2.0 Throwing
 + Level 7.3 Dodging


You had 7 spell levels left.
You didn't know any spells.
Your spell library was empty.

Dungeon Overview and Level Annotations

Branches:
Dungeon (5/15)             Temple (1/1) D:4

Altars:
Ashenzari
Cheibriados
Dithmenos
Elyvilon
Gozag
Hepliaklqana
Kikubaaqudgha
Makhleb
Nemelex Xobeh
Okawaru
Qazlal
Ru
Sif Muna
Trog
Uskayaw
Vehumet
Wu Jian
Xom
Yredelemnul
Zin
The Shining One

Shops:
D:5 ?(*

Annotations:
D:5 Menkaure


Message History

The orc priest is severely wounded.
The orc priest miscasts a cantrip.
You closely miss the orc priest.
The orc priest is severely wounded.
The orc priest barely misses you.
Attack whom?
Press: ? - help, Dir - move target cursor, f/p - orc priest
Aim: an orc priest (severely wounded)
You barely miss the orc priest.
The orc priest is severely wounded.
The orc priest hits you.
* * * LOW HITPOINT WARNING * * *
Okay, then.
You hit the orc priest.
The orc priest is severely wounded.
You barely miss the orc priest.
The orc priest is severely wounded.
The orc priest calls down the wrath of Beogh upon you.
Beogh smites you!
You die...

,,...#.............*
,....##....###'####**#
.....##....###o...##.#*
.....#................*
.....#................*
.....#.........)......*
..##.##+##+###)###############
..##.##.##..##.##....#..#....#
..#............o@.......#....#
..'........#............#....#
..#.....................#....#
..##.##..#.∩.####'#######....#
########.....####....#######'#
#####.................#
###...............#
#...............#
#...............#


You could see an orc priest.

Vanquished Creatures
  2 phantoms (D:4)
  A big kobold (Sewer)
  2 scorpions
  A crimson imp (D:5)
  4 hounds
  An orc priest (D:5)
  A bullfrog skeleton (D:4)
  An iguana (D:3)
  5 orc wizards
  A hound skeleton (D:4)
  A worker ant zombie (D:5)
  3 gnolls
  3 adders (D:3)
  2 river rats (Sewer)
  2 oozes
  3 worms (D:2)
  3 dart slugs
  5 leopard geckos
  13 orcs
  6 bats
  5 giant cockroaches
  7 goblins
  11 hobgoblins
  6 jackals
  3 quokkas
  10 frilled lizards
  A jackal skeleton (D:5)
  10 kobolds
  A quokka skeleton (D:5)
  14 rats
128 creatures vanquished.

Vanquished Creatures (others)
  An orc wizard (D:5)
1 creature vanquished.

Grand Total: 129 creatures vanquished

Notes
Turn   | Place    | Note
-------+----------+-------------------------------------------
     0 | D:1      | iamserjio the Merfolk Gladiator began the quest for the Orb.
     0 | D:1      | Reached XP level 1. HP: 16/16 MP: 1/1
   120 | D:1      | Reached XP level 2. HP: 23/23 MP: 2/2
   174 | D:1      | Reached skill level 5 in Polearms
   322 | D:1      | Reached XP level 3. HP: 28/28 MP: 3/3
   897 | D:2      | Reached XP level 4. HP: 11/35 MP: 4/4
  1257 | D:1      | Reached skill level 6 in Polearms
  1945 | D:3      | Reached skill level 5 in Dodging
  1979 | D:3      | Reached XP level 5. HP: 41/41 MP: 5/5
  2868 | D:4      | Reached skill level 7 in Polearms
  2926 | D:4      | Reached XP level 6. HP: 16/48 MP: 6/6
  3236 | D:4      | Noticed a phantom
  3263 | D:4      | Killed a phantom
  3263 | D:4      | Reached skill level 8 in Polearms
  3567 | D:4      | Reached XP level 7. HP: 55/55 MP: 7/7
  4475 | D:4      | Found a staircase to the Ecumenical Temple.
  4499 | Temple   | Entered the Ecumenical Temple
  5182 | D:5      | Entered Level 5 of the Dungeon
  5182 | D:5      | Found Tiahaont's Antique Weapon Shoppe.
  5182 | D:5      | Noticed Menkaure
  5248 | D:5      | Found Bixa's Magic Scroll Shop.
  5296 | D:5      | Found a glowing drain.
  5305 | Sewer    | Entered a sewer
  5668 | Sewer    | Reached skill level 9 in Polearms
  5687 | Sewer    | Found a glowing silver altar of Zin.
  5724 | Sewer    | Became a worshipper of Zin the Law-Giver
  5724 | Sewer    | Reached * piety under Zin
  6103 | D:5      | Reached skill level 5 in Fighting
  6241 | D:5      | Bought a scroll of fog for 26 gold pieces
  6241 | D:5      | Bought a scroll of identify for 26 gold pieces
  6241 | D:5      | Bought a scroll of fear for 45 gold pieces
  6241 | D:5      | Bought a scroll of blinking for 97 gold pieces
  6241 | D:5      | Donated 12 gold pieces to Zin
  6371 | D:5      | Found Fyez's General Store.
  6457 | D:5      | Reached XP level 8. HP: 46/62 MP: 8/8
  6492 | D:5      | Reached skill level 10 in Polearms
  6524 | D:5      | Killed from afar by an orc priest

Vault maps used:
D:1:      dpeg_arrival_simpleton_c, st_stairs_13, minmay_ruptured
D:2:      first_ration
D:4:      minmay_temple_entry_glass
D:5:      serial_shops, nicolae_shop_overgrown_old_shop, shop,
          nicolae_shop_stone, cheibrodos_sewer_entry_drain, uniq_menkaure
Temple:   nicolae_temple_the_god_donut
Sewer:    sewer_kobolds

Skill      XL: |  1  2  3  4  5  6  7  8 |
---------------+-------------------------+-----
Polearms       | 5 6 7 8 9 10 | 10.0
Fighting       | 3 4 5 |  5.5
Dodging        | 5 6 7 |  7.3
Throwing       | |  2.0

Action                   |  1- 3 |  4- 6 |  7- 9 || total
-------------------------+-------+-------+-------++-------
Melee: Trident           |   160 |   203 |   222 ||   585
       Tailslap          |       |       |     3 ||     3
Invok: Donate Gold       |       |       |     1 ||     1
  Use: Scroll            |       |     1 |    10 ||    11
 Stab: Sleeping          |     5 |       |       ||     5
  Eat: Chunk             |       |     9 |     5 ||    14
       Ration            |       |       |     1 ||     1
Armor: Leather armour    |    18 |       |       ||    18
       Ring mail         |    15 |    43 |    50 ||   108
Dodge: Dodged            |    76 |   106 |   108 ||   290
Block: Buckler           |     4 |    18 |    41 ||    63

Table legend:
 A = Spawn XP
 B = Non-spawn XP
 C = Spawn XP percentage of total XP
 D = Spawn monster count
 E = Non-spawn monster count
 F = Spawn count percentage of total count
 G = Total turns spent on level
                    A         B        C        D         E        F      G
               +---------+---------+-------+---------+---------+-------+---------
         Total |       0 |    1407 |   0.0 |       0 |     129 |   0.0 |  6524
               +---------+---------+-------+---------+---------+-------+---------
           D:1 |       0 |      67 |   0.0 |       0 |      29 |   0.0 |   866
           D:2 |       0 |      78 |   0.0 |       0 |      26 |   0.0 |   957
           D:3 |       0 |     164 |   0.0 |       0 |      26 |   0.0 |  1764
           D:4 |       0 |     573 |   0.0 |       0 |      19 |   0.0 |  1231
           D:5 |       0 |     389 |   0.0 |       0 |      19 |   0.0 |   589
         Sewer |       0 |     136 |   0.0 |       0 |      10 |   0.0 |   454
               +---------+---------+-------+---------+---------+-------+---------
